 Seeded DCSS version 0.28-a0-1415-g7c84da036a (webtiles) character file.

Game seed: 20220107 (custom seed)

122 flotson the Ducker (level 4, 0/34 HPs)
             Began as a Demonspawn Gladiator on Jan 7, 2022.
             Slain by an orc wizard (14 damage)
             ... on level 3 of the Dungeon.
             The game lasted 00:02:21 (1890 turns).

flotson the Ducker (Demonspawn Gladiator)           Turns: 1890, Time: 00:02:21

Health: 0/34       AC:  4    Str: 22    XL:     4   Next: 78%
Magic:  4/4        EV: 13    Int:  9    God:
Gold:   106        SH:  0    Dex: 15    Spells: 3/3 levels left

rFire   . . .      SeeInvis .   e - +1 spear (venom)
rCold   . . .      Faith    .   (no shield)
rNeg    . . .      Spirit   .   b - +0 leather armour
rPois   .          Reflect  .   c - +0 helmet
rElec   .          Harm     .   (no cloak)
rCorr   .          Rampage  .   (no gloves)
Will    .....                   (no boots)
Stlth   +.........              (no amulet)
HPRegen 0.11/turn               h - +6 ring of strength
MPRegen 0.09/turn               (no ring)

@: no status effects
A: ignite blood 1, powered by death 1
a: no special abilities


You were on level 3 of the Dungeon.
You visited 1 branch of the dungeon, and saw 3 of its levels.

You collected 106 gold pieces.

Inventory:

Hand Weapons
 a - a +0 war axe
 e - a +1 spear of venom (weapon)
Missiles
 d - 3 throwing nets
 l - 4 atropa-tipped darts (quivered)
 m - 23 poisoned darts
 r - a boomerang
Armour
 b - a +0 leather armour (worn)
 c - a +0 helmet (worn)
Jewellery
 h - a +6 ring of strength (left hand)
Scrolls
 f - a scroll of silence {unknown}
 i - a scroll of vulnerability {unknown}
 j - 2 scrolls of identify {unknown}
 k - a scroll of fear {unknown}
 n - a scroll of summoning {unknown}
 o - a scroll of torment {unknown}
Potions
 g - a potion of cancellation {unknown}
 p - 2 potions of curing {unknown}
 q - a potion of heal wounds {unknown}


   Skills:
 + Level 2.8 Fighting
 + Level 3.2 Axes
 + Level 2.5 Throwing
 + Level 1.6 Armour
 + Level 3.2 Dodging


You had 3 spell levels left.
You didn't know any spells.
Your spell library contained the following spells:

 Spells                   Type           Power      Damage    Failure   Level
 Ensorcelled Hibernation  Hex/Ice        0%         N/A       56%         2
 Tukima's Dance           Hex            0%         N/A       80%         3
 Enfeeble                 Hex            0%         N/A       100%        7


Dungeon Overview and Level Annotations

Branches:
Dungeon (3/15)

Altars:
Cheibriados


Innate Abilities, Weirdness & Mutations

Your demonic aura sometimes causes spilled blood to erupt in flames.
You regenerate a little health from kills.


Message History

You barely miss something. You punch something.
You hit the orc but do no damage.
The orc is poisoned.
Something hits you. The orc completely misses you.
You barely miss the orc.
The orc is lightly wounded.
You hear some strange, mumbled words.
You are confused.
The orc closely misses you.
You are too confused!
You miss something. Something hits you. The orc misses you.
Unknown command.
You hear some strange, mumbled words.
Something tries to affect you, but you resist.
You bump into the rock wall.
Something hits you.
You barely miss something.
You kill the orc!
Something hits you but does no damage. The orc barely misses you.
You completely miss the orc. Your punch misses the orc.
You hear some strange, mumbled words.
A magic dart appears from out of thin air!
The magic dart hits you. The orc barely misses you.
You hit the orc.
The orc is heavily wounded.
You feel less confused. Something barely misses you. The orc misses you.
You closely miss the orc. Your punch misses the orc.
The orc is heavily wounded.
Something hits you but does no damage. The orc hits you with a +0 hand axe.
You puncture the orc!
You kill the orc!
Something hits you. Something hits you but does no damage.
Things that are here:
a +0 hand axe; an orc corpse Something hits you but does no damage.
You miss something. Something hits you.
You hit something but do no damage. Something hits you.
You hit something but do no damage. Something hits you but does no damage.
You are electrocuted!
You die...

#....# #.##.#
o....#### ####.##.#
.......# #....##.#
.......# ###)#####.#
......# #....##.#.#
.....>#
#.#<.)..#.######{$...+
#.#####.#...##.#o....#
#.......###@.).#{....#
######### #){#)#)#####
#.)#.o.# #..##### #..#
#... #.... ####.# ##


There were no monsters in sight!

Vanquished Creatures
  An orc priest (D:3)
  An orc wizard (D:3)
  An adder (D:2)
  A worm (D:2)
  6 orcs
  4 bats
  6 endoplasms
  A giant cockroach (D:1)
  3 goblins (D:1)
  5 hobgoblins
  4 jackals (D:1)
  4 kobolds
  A quokka (D:1)
  4 ball pythons
  2 frilled lizards (D:1)
  4 rats
48 creatures vanquished.

Notes
Turn   | Place    | Note
-------+----------+-------------------------------------------
     0 | D:1      | flotson the Demonspawn Gladiator began the quest for the
                  | Orb.
     0 | D:1      | Reached XP level 1. HP: 16/16 MP: 1/1
   133 | D:1      | Gained mutation: Your demonic aura sometimes causes spilled
                  | blood to erupt in flames. [demonic ancestry]
   133 | D:1      | Reached XP level 2. HP: 17/22 MP: 2/2
   469 | D:1      | Gained mutation: You regenerate a little health from kills.
                  | [demonic ancestry]
   469 | D:1      | Reached XP level 3. HP: 28/28 MP: 3/3
   506 | D:1      | Found a faded altar of an unknown god.
   760 | D:2      | Reached skill level 1 in Armour
  1017 | D:2      | Found a snail-covered altar of Cheibriados.
  1711 | D:3      | Reached XP level 4. HP: 19/34 MP: 4/4
  1890 | D:3      | Slain by an orc wizard

Illustrated notes

Levels and vault maps discovered:
D:1:      onia_arrival_mini_maze, layout_rooms,
          hellmonk_ecumenical_altar_crossroads
D:2:      layout_basic, basic_altar
D:3:      layout_basic, hellmonk_ghost_happy_afterlife, uniq_natasha

Skill      XL: |  1  2  3 |
---------------+----------+-----
Throwing       | 2 |  2.5
Dodging        | 3 |  3.2
Axes           | 3 |  3.2
Armour         | 1 |  1.6
Fighting       | |  2.8

Action                   |  1- 3 |  4- 6 || total
-------------------------+-------+-------++-------
Melee: Spear             |   112 |    28 ||   140
       Punch             |       |     1 ||     1
 Stab: Sleeping          |     1 |       ||     1
Armor: Leather armour    |    26 |     6 ||    32
Dodge: Dodged            |    61 |    10 ||    71

Table legend: (Time is in decaauts)
 A = Elapsed time spent in this place.
 B = Non-inter-level travel time spent in this place.
 C = Inter-level travel time spent in this place.
 D = Time resting spent in this place.
 E = Time spent auto-exploring this place.
 F = Levels seen in this place.
 G = Mean time per level.
                   A        B        C        D        E       F      G
               +--------+--------+--------+--------+--------+-----+--------+
         Total |   1891 |   1797 |     94 |      5 |   1480 |   3 |  630.3 |
       Dungeon |   1891 |   1797 |     94 |      5 |   1480 |   3 |  630.3 |
               +--------+--------+--------+--------+--------+-----+--------+

Top non-repeatable levels by time:
     D:2: 902 daAuts
     D:1: 741 daAuts
     D:3: 246 daAuts
